 Dungeon Crawl Stone Soup version 0.22-a0-619-ga0c6fd2 (webtiles) character file.

113 Amnesiac the Digger (level 4, -1/30 HPs)
             Began as a Mummy Earth Elementalist on July 14, 2018.
             Slain by an orc
             ... wielding a +0 falchion
              (6 damage)
             ... on level 3 of the Dungeon.
             The game lasted 00:01:46 (861 turns).

Amnesiac the Digger (Mummy Earth Elementalist)       Turns: 861, Time: 00:01:46

Health: -1/30      AC:  2    Str: 11    XL:     4   Next: 65%
Magic:  3/8        EV: 12    Int: 15    God:
Gold:   78         SH:  0    Dex: 12    Spells: 2/9 levels left

rFire    x . .     SeeInvis .   e - +0 dagger
rCold    + . .     Gourm    .   (no shield)
rNeg     + + +     Faith    .   c - +0 robe
rPois    ∞         Spirit   .   (no helmet)
rElec    .         Reflect  .   a - scarf {cloud immunity}
rCorr    .         Harm     .   (no gloves)
MR       .....                  (no boots)
Stlth    ++........             (no amulet)
HPRegen  0.10/turn              (no ring)
MPRegen  0.11/turn              (no ring)

@: no status effects
A: no food or potions, fire vulnerability, cold resistance 1, negative energy
resistance 3, torment resistance, unbreathing
a: no special abilities


You were on level 3 of the Dungeon.
You were not hungry.

You visited 1 branch of the dungeon, and saw 3 of its levels.

You collected 78 gold pieces.

Inventory:

Hand Weapons
 e - a +0 dagger (weapon)
Armour
 a - a scarf of cloud immunity (worn)
 c - a +0 robe (worn)
Wands
 f - a wand of paralysis (12)
Scrolls
 d - a scroll of enchant armour {!r, unknown}


   Skills:
 - Level 2.4 Short Blades
 - Level 1.5 Dodging
 + Level 1.8 Stealth
 - Level 3.1 Spellcasting
 * Level 1.2 Transmutations
 - Level 3.1 Earth Magic


You had 2 spell levels left.
You knew the following spells:

 Your Spells              Type           Power        Failure   Level  Hunger
a - Sandblast             Erth           ##....       5%          1    N/A
b - Passwall              Tmut/Erth      #.......     12%         2    N/A
e - Petrify               Tmut/Erth      #.......     63%         4    N/A

Your spell library contained the following spells:

 Spells                   Type           Power        Failure   Level  Hunger
 Stone Arrow              Conj/Erth      #.....       30%         3    N/A
 Lee's Rapid Deconstruct  Erth           ##........   83%         5    N/A

Dungeon Overview and Level Annotations

Branches:
Dungeon (3/15)

Altars:
Xom


Innate Abilities, Weirdness & Mutations

You do not eat or drink.
Your flesh is vulnerable to fire.
You are immune to poison.
Your flesh is cold resistant. (rC+)
You are immune to negative energy. (rN+++)
You are immune to unholy pain and torment.
You can survive without breathing.


Message History

The blast of sand hits the orc.
You now have no stones remaining.
The orc hits you but does no damage.
Casting: Sandblast (safe; 5% risk of failure)
Confirm with . or Enter, or press ? or * to list all spells.
Aiming: Sandblast (safe; 5% risk of failure)
Press: ? - help, Shift-Dir - straight line, f/p - orc
Aim: an orc, wielding a falchion and wearing a runed scale mail You don't have any stones to cast with.
Casting: Sandblast (safe; 5% risk of failure)
Confirm with . or Enter, or press ? or * to list all spells.
Aiming: Sandblast (safe; 5% risk of failure)
Press: ? - help, Shift-Dir - straight line, f/p - orc
Aim: an orc, wielding a falchion and wearing a runed scale mail You don't have any stones to cast with.
Casting: Sandblast (safe; 5% risk of failure)
Confirm with . or Enter, or press ? or * to list all spells.
Aiming: Sandblast (safe; 5% risk of failure)
Press: ? - help, Shift-Dir - straight line, f/p - orc
Aim: an orc, wielding a falchion and wearing a runed scale mail You don't have any stones to cast with.
Casting: Sandblast (safe; 5% risk of failure)
Confirm with . or Enter, or press ? or * to list all spells.
Aiming: Sandblast (safe; 5% risk of failure)
Press: ? - help, Shift-Dir - straight line, f/p - orc
Aim: an orc, wielding a falchion and wearing a runed scale mail You don't have any stones to cast with.
You hit the orc but do no damage. The orc hits you but does no damage.
You hit the orc but do no damage. The orc closely misses you.
You hit the orc but do no damage. The orc barely misses you.
You hit the orc but do no damage. You hit the orc but do no damage.
The orc closely misses you.
You hit the orc but do no damage. The orc hits you with a falchion.
* * * LOW HITPOINT WARNING * * *
You are too injured to fight recklessly!
You are too injured to fight recklessly!
You are too injured to fight recklessly!
You are too injured to fight recklessly!
You are too injured to fight recklessly!
You are too injured to fight recklessly!
You are too injured to fight recklessly!
You are too injured to fight recklessly!
You are too injured to fight recklessly!
You are too injured to fight recklessly!
You are too injured to fight recklessly!
You are too injured to fight recklessly!
You are too injured to fight recklessly!
You are too injured to fight recklessly!
You are too injured to fight recklessly!
You are too injured to fight recklessly!
You hit the orc.
The orc is heavily wounded.
The orc misses you.
You barely miss the orc.
The orc is heavily wounded.
The orc barely misses you.
You hit the orc.
The orc is almost dead.
You hit the orc but do no damage.
The orc is almost dead.
The orc barely misses you.
You barely miss the orc.
The orc is almost dead.
The orc hits you with a falchion.
You die...

#...# ....#
...####....#
#..........#
#..........#
#..........# #####
#..........# #...#
#..........# #.#.#
#..........# #.#.#
##@##.#########†#.#
#o##...........#.#
#)##############.#
#'# #.# ... #.# ...
#.# ..... #####.#
.##.. #.....# ..
... #.#####


You could see an orc.

Vanquished Creatures
  A bullfrog (D:3)
  An orc priest (D:3)
  An ooze (D:3)
  2 leopard geckos
  2 orcs (D:3)
  A goblin (D:3)
  4 kobolds
  A quokka (D:3)
  A ball python (D:1)
  2 bats
  A frilled lizard (D:3)
  A rat (D:1)
18 creatures vanquished.

Notes
Turn   | Place    | Note
-------+----------+-------------------------------------------
     0 | D:1      | Amnesiac the Mummy Earth Elementalist began the quest for the Orb.
     0 | D:1      | Reached XP level 1. HP: 13/13 MP: 4/4
   536 | D:3      | Reached XP level 2. HP: 19/19 MP: 2/5
   540 | D:3      | Learned a level 2 spell: Passwall
   675 | D:3      | Found a shimmering altar of Xom.
   747 | D:3      | Noticed a bullfrog
   751 | D:3      | Killed a bullfrog
   751 | D:3      | Reached XP level 3. HP: 24/24 MP: 2/7
   751 | D:3      | Reached XP level 4. HP: 30/30 MP: 2/8
   757 | D:3      | Learned a level 4 spell: Petrify
   786 | D:3      | Reached skill level 1 in Transmutations
   861 | D:3      | Slain by an orc

Vault maps used:
D:1:      mushboom_english_gardens, fountainhead
D:2:      nemelex_xobeh_ov_fountains_minmay, first_ration
D:3:      xom_butterflies

Skill      XL: |  1  2  3  4 |
---------------+-------------+-----
Short Blades   | 2 |  2.4
Spellcasting   | 3 |  3.1
Transmutations | 1 |  1.2
Earth Magic    | 3 |  3.1
Dodging        | |  1.5
Stealth        | |  1.8

Action                   |  1- 3 |  4- 6 || total
-------------------------+-------+-------++-------
Melee: Unarmed           |    26 |       ||    26
       Dagger            |       |    30 ||    30
 Cast: Sandblast         |    20 |    10 ||    30
Armor: Robe              |     3 |     5 ||     8
Dodge: Dodged            |    27 |    22 ||    49

Table legend:
 A = Spawn XP
 B = Non-spawn XP
 C = Spawn XP percentage of total XP
 D = Spawn monster count
 E = Non-spawn monster count
 F = Spawn count percentage of total count
 G = Total turns spent on level
                    A         B        C        D         E        F      G
               +---------+---------+-------+---------+---------+-------+---------
         Total |       0 |     162 |   0.0 |       0 |      18 |   0.0 |   861
               +---------+---------+-------+---------+---------+-------+---------
           D:1 |       0 |       5 |   0.0 |       0 |       3 |   0.0 |   301
           D:2 |       0 |       4 |   0.0 |       0 |       3 |   0.0 |   184
           D:3 |       0 |     153 |   0.0 |       0 |      12 |   0.0 |   376
               +---------+---------+-------+---------+---------+-------+---------
